 Dungeon Crawl Stone Soup version 0.30-a0-1157-g2cc9ac7196 (webtiles) character file.

Game seed: 12095728358336222658

112 iamoutofideas the Chopper (level 4, -1/40 HPs)
             Began as a Hill Orc Monk on Apr 24, 2023.
             Slain by an ice beast (14 damage)
             ... on level 4 of the Dungeon.
             The game lasted 00:02:58 (2522 turns).

iamoutofideas the Chopper (Hill Orc Monk)           Turns: 2522, Time: 00:02:59

Health: -1/40      AC:  5    Str: 15    XL:     4   Next: 95%
Magic:  4/4        EV: 11    Int: 10    God:
Gold:   58         SH:  0    Dex: 13    Spells: 3/3 levels left

rFire   . . .        a - +0 hand axe
rCold   . . .        d - orb {light}
rNeg    . . .        f - +0 ring mail
rPois   .            (no helmet)
rElec   .            (no cloak)
rCorr   .            (no gloves)
SInv    .            (no boots)
Will    .....        (no amulet)
Stlth   +            j - ring of flight
HPRegen 0.26/turn    (no ring)
MPRegen 0.09/turn

%: no passive effects
@: flying, glowing
A: no striking features
a: no special abilities


You were on level 4 of the Dungeon.
You visited 1 branch of the dungeon, and saw 4 of its levels.

You collected 166 gold pieces.
You spent 108 gold pieces at shops.

Inventory:

Hand Weapons
 a - a +0 hand axe (weapon)
Armour
 d - an orb of light (worn)
 f - a +0 ring mail (worn)
 g - a +0 kite shield
Jewellery
 j - a ring of flight (left hand)
Scrolls
 e - a scroll of identify
 i - a scroll of enchant armour
 m - a scroll of immolation
 o - a scroll of fear
 p - a scroll of brand weapon {unknown}
Potions
 b - 4 potions of heal wounds
 c - a potion of ambrosia
 h - 6 potions of curing
 k - 3 potions of might
 l - a potion of haste
 n - a potion of magic


   Skills:
 + Level 3.7 Fighting
 + Level 7.0 Axes
 + Level 0.1 Armour
 + Level 2.5 Dodging


You had 3 spell levels left.
You didn't know any spells.
Your spell library contained the following spells:

 Spells                   Type           Power      Damage    Failure   Level
 Freeze                   Ice            0%         1d3       58%         1
 Call Canine Familiar     Summ           0%         N/A       92%         3
 Frozen Ramparts          Ice            0%         1d1       92%         3
 Hailstorm                Conj/Ice       0%         3d3       92%         3
 Portal Projectile        Hex/Tloc       0%         N/A       92%         3
 Leda's Liquefaction      Hex/Erth       0%         N/A       100%        4


Dungeon Overview and Level Annotations

Branches:
Dungeon (4/15)
 Temple: D:4-7

Altars:

Shops:
D:3 !(


Message History

An ice beast is nearby!
The ice beast misses you.
An ice beast is nearby!
You completely miss the ice beast.
The ice beast hits you but does no damage.
You hit the ice beast.
The ice beast is moderately wounded.
You hit the ice beast.
The ice beast is moderately wounded.
The ice beast hits you but does no damage.
You slash the ice beast!
The ice beast is heavily wounded.
The ice beast completely misses you.
You barely miss the ice beast.
The ice beast is heavily wounded.
The ice beast hits you but does no damage.
You barely miss the ice beast.
The ice beast is heavily wounded.
The ice beast misses you.
You hit the ice beast.
The ice beast is severely wounded.
The ice beast hits you but does no damage.
You hit the ice beast but do no damage.
The ice beast is severely wounded.
The ice beast hits you. The ice beast freezes you!
You completely miss the ice beast.
The ice beast is severely wounded.
The ice beast barely misses you.
You hit the ice beast but do no damage.
The ice beast is severely wounded.
The ice beast hits you. The ice beast freezes you!
You are too injured to fight recklessly!
You are too injured to fight recklessly!
You hit the ice beast.
The ice beast is almost dead.
The ice beast hits you but does no damage.
You barely miss the ice beast.
The ice beast is almost dead.
The ice beast hits you. The ice beast freezes you!
You die...

#..#
####.##
#.[...###
#.......###
#...<##...#
#########.#
#.## #..###
##.@.#
###Y# ...
##.# ..# .#
#


You could see an ice beast.

Vanquished Creatures
  Natasha (D:3)
  2 adders
  A dart slug (D:3)
  4 ball pythons
  3 bats
  7 endoplasms
  5 giant cockroaches
  2 goblins
  10 hobgoblins
  5 jackals (D:1)
  5 quokkas
  5 frilled lizards
  6 kobolds
  5 rats (D:1)
61 creatures vanquished.

Notes
Turn   | Place    | Note
-------+----------+-------------------------------------------
     0 | D:1      | iamoutofideas the Hill Orc Monk began the quest for the
                  | Orb.
     0 | D:1      | Reached XP level 1. HP: 19/19 MP: 1/1
   108 | D:1      | Reached XP level 2. HP: 9/27 MP: 2/2
   118 | D:1      | HP: 1/27 [giant cockroach (2)]
   304 | D:1      | Reached skill level 5 in Axes
   566 | D:1      | Reached XP level 3. HP: 33/33 MP: 3/3
  1100 | D:2      | Reached skill level 6 in Axes
  1293 | D:2      | Reached XP level 4. HP: 29/40 MP: 4/4
  2001 | D:3      | Found Awny's Weapon Shop.
  2255 | D:3      | Found Yreghekk's Distillery.
  2263 | D:3      | Bought a potion of heal wounds for 60 gold pieces
  2263 | D:3      | Bought a potion of curing for 36 gold pieces
  2263 | D:3      | Bought a potion of degeneration for 12 gold pieces
  2394 | D:3      | Noticed Natasha
  2403 | D:3      | Killed Natasha
  2404 | D:3      | Reached skill level 7 in Axes
  2507 | D:4      | Noticed an ice beast
  2522 | D:4      | Slain by an ice beast

Illustrated notes

Levels and vault maps discovered:
D:1:      ebering_trefoil_3fold, layout_basic, serial_forest,
          infiniplex_forest_zigzag_2, infiniplex_forest_lined_3,
          infiniplex_forest_clump_tiny, infiniplex_forest_lined_room_,
          infiniplex_forest_end_2, infiniplex_forest_straight_2,
          infiniplex_forest_lined_2
D:2:      layout_loops_ring, hex_tiny
D:3:      layout_loops_ring, serial_shops, shop,
          nicolae_shop_tiny_real_fake_doors, uniq_natasha
D:4:      layout_basic, fedhas_altar_2, minmay_pentangle, uniq_eustachio,
          uniq_menkaure

Skill      XL: |  1  2  3  4 |
---------------+-------------+-----
Axes           | 5 6 7 |  7.0
Fighting       | |  3.7
Armour         | |  0.1
Dodging        | |  2.5

Action                     |  1- 3 |  4- 6 || total
---------------------------+-------+-------++-------
  Melee: Hand axe          |   129 |    65 ||   194
    Use: Scroll            |       |     6 ||     6
 Armour: Robe              |    13 |       ||    13
         Ring mail         |    33 |    13 ||    46
  Dodge: Dodged            |    79 |    32 ||   111

Table legend: (Time is in decaauts)
 A = Elapsed time spent in this place.
 B = Non-inter-level travel time spent in this place.
 C = Inter-level travel time spent in this place.
 D = Time resting spent in this place.
 E = Time spent auto-exploring this place.
 F = Levels seen in this place.
 G = Mean time per level.
                   A        B        C        D        E       F      G
               +--------+--------+--------+--------+--------+-----+--------+
         Total |   2524 |   2419 |    105 |    350 |   1665 |   4 |  631.0 |
       Dungeon |   2524 |   2419 |    105 |    350 |   1665 |   4 |  631.0 |
               +--------+--------+--------+--------+--------+-----+--------+

Top non-repeatable levels by time:
     D:1: 1179 daAuts
     D:3: 757 daAuts
     D:2: 565 daAuts
     D:4: 22 daAuts
